 Dungeon Crawl Stone Soup version 0.29-a0-542-g075992c915 (webtiles) character file.

Game seed: 2850949792608759212

146 Malachi the Cudgeller (level 5, -1/42 HPs)
             Began as a Demonspawn Berserker on June 4, 2022.
             Was a Believer of Trog.
             Slain by a rat (2 damage)
             ... on level 3 of the Dungeon.
             The game lasted 00:03:18 (3521 turns).

Malachi the Cudgeller (Demonspawn Berserker)        Turns: 3521, Time: 00:03:18

Health: -1/42      AC:  8    Str: 20    XL:     5   Next: 7%
Magic:  5/5        EV: 10    Int:  8    God:    Trog [**....]
Gold:   102        SH:  0    Dex: 12    Spells: 4/4 levels left

rFire   . . .      SeeInvis .   a - +0 mace
rCold   . . .      Faith    .   (no shield)
rNeg    . . .      Spirit   .   s - +0 scale mail
rPois   .          Reflect  .   (helmet restricted)
rElec   .          Harm     .   q - +0 cloak
rCorr   .          Rampage  +   (no gloves)
Will    .....                   b - +0 pair of boots {rampage}
Stlth   ..........              (no amulet)
HPRegen 0.14/turn               o - ring of flight
MPRegen 0.09/turn               (no ring)

@: on berserk cooldown, flying, slowed, very slow
A: horns 1
a: Renounce Religion, Berserk, Trog's Hand


You were on level 3 of the Dungeon.
You worshipped Trog.
Trog was pleased with you.
You visited 1 branch of the dungeon, and saw 3 of its levels.

You collected 267 gold pieces.
You spent 165 gold pieces at shops.

Inventory:

Hand Weapons
 a - a +0 mace (weapon)
Armour
 b - a +0 pair of boots of rampaging (worn)
 q - a +0 cloak (worn)
 s - a +0 scale mail (worn)
Jewellery
 o - a ring of flight (left hand)
Potions
 c - a potion of mutation {unknown}
 f - a potion of resistance {unknown}
 i - 2 potions of curing {unknown}
 j - 2 potions of haste
 m - a potion of invisibility {unknown}
 n - 2 potions of heal wounds {unknown}


   Skills:
 + Level 4.0 Fighting
 + Level 4.1 Maces & Flails
 + Level 1.9 Armour
 + Level 2.4 Dodging
 + Level 1.0 Stealth


You had 4 spell levels left.
You didn't know any spells.
Your spell library was empty.

Dungeon Overview and Level Annotations

Branches:
Dungeon (3/15)

Altars:
Ru

Shops:
D:3 [

Annotations:
D:3 Terence


Innate Abilities, Weirdness & Mutations

You have a pair of small horns on your head.


Message History

Trog accepts your kill. The gnoll hits you with a +0 spear.
The gnoll hits you with a +3 halberd. The goblin barely misses you.
The gnoll hits you from afar with a +0 spear.
* * * LOW HITPOINT WARNING * * *
The rat closely misses you.
Your Fighting skill increases to level 4!
Your Stealth skill increases to level 1!
You have reached level 5!
A red film seems to cover your vision as you go berserk!
You feel yourself moving faster!
You feel mighty! The gnoll closely misses you.
The gnoll hits you with a +0 spear.
* * * LOW HITPOINT WARNING * * *
The gnoll hits you with a +3 halberd!
* * * LOW HITPOINT WARNING * * *
An endoplasm comes into view.
The goblin misses you. The rat bites you but does no damage.
Unknown command.
You feel a strong urge to attack something.
The gnoll hits you but does no damage. The gnoll barely misses you.
You see here a +0 club.
Found a ring mail.
The endoplasm quivers.
You feel your anger nearly subside.
The gnoll hits you from afar with a +0 spear.
* * * LOW HITPOINT WARNING * * *
The rat bites you but does no damage.
Found 16 gold pieces.
You are no longer berserk.
You are exhausted.
You feel yourself slow down.
Found an escape hatch in the floor.
The rat bites you.
* * * LOW HITPOINT WARNING * * *
A bat comes into view.
Found a stone staircase leading down.
The bat closely misses you. The bat hits you.
* * * LOW HITPOINT WARNING * * *
The rat bites you.
You die...

*,,,,,****,*****,,*
**####*#####....#,,,,,,,,,
**,....##.....#..>,,,,,,,,,
**,,.............#*,,,,,,*,*
*,,,.......>.....##,***,,,,,
*,,...........$....,* ***,,,
*,,...............#,* *,*,
*,,.....[..b.....##,*****,,,
*,,........@.......,,,,,,,,,
*,,,.......r.....##,****,*,*
**,,......g.....##*,* *,,,,
**,....#......## *,* *****
**###*##g########,**
#gg.......,,**
##..g......,,,**
#.).g......,,,,* #
#....>.....,,,,* #


You could see 2 gnolls, a goblin, a bat and a rat.

Vanquished Creatures
  Natasha (twice) (D:2)
  A gnoll (D:3)
  An adder (D:3)
  A worm (D:2)
  5 bats
  9 endoplasms
  19 giant cockroaches
  5 goblins
  3 hobgoblins
  3 jackals (D:2)
  A quokka (D:2)
  2 ball pythons
  4 frilled lizards
  5 kobolds
  5 rats
66 creatures vanquished.

Vanquished Creatures (others)
  4 plants (D:2)
  5 toadstools (D:1)
9 creatures vanquished.

Grand Total: 75 creatures vanquished

Notes
Turn   | Place    | Note
-------+----------+-------------------------------------------
     0 | D:1      | Malachi the Demonspawn Berserker began the quest for the
                  | Orb.
     0 | D:1      | Reached XP level 1. HP: 18/18 MP: 1/1
   471 | D:1      | Discovered your monstrous ancestry.
   471 | D:1      | Gained mutation: You have a pair of small horns on your
                  | head. [demonic ancestry]
   471 | D:1      | Reached XP level 2. HP: 20/24 MP: 2/2
   716 | D:1      | Found a faded altar of an unknown god.
  1542 | D:2      | Reached ** piety under Trog
  1543 | D:2      | Reached XP level 3. HP: 29/29 MP: 3/3
  2030 | D:2      | Noticed Natasha
  2040 | D:2      | Killed Natasha
  2041 | D:2      | Reached XP level 4. HP: 28/37 MP: 4/4
  2363 | D:2      | Noticed Natasha
  2372 | D:2      | Killed Natasha
  2638 | D:2      | Found a sacrificial altar of Ru.
  3158 | D:3      | Found Fifaez's Antique Armour Emporium.
  3168 | D:3      | Bought a pair of runed boots for 165 gold pieces
  3507 | D:3      | Noticed Terence
  3513 | D:3      | Reached skill level 1 in Stealth
  3513 | D:3      | Reached XP level 5. HP: 12/42 MP: 5/5
  3519 | D:3      | HP: 1/42 [rat (2)]
  3521 | D:3      | Slain by a rat

Illustrated notes

Levels and vault maps discovered:
D:1:      sevenhm_arrival_forest_fort_large_2, layout_basic,
          hellmonk_ecumenical_altar_heavens_door, minmay_gold_behind_fungi,
          minmay_crystal_water, nrook_mini_backslash
D:2:      minmay_roachtagon, layout_basic, basic_altar,
          minmay_misc_feat_secret_circle, kennysheep_pointless_box,
          minivault_24, serial_bayou_lagoon_b, uniq_natasha
D:3:      layout_rooms, amethyst_overflow_temple_binary, serial_shops,
          nicolae_shop_advertising_works [nicolae_subvault_shop_adworks],
          minmay_misc_feat_tiny, amcnicky_mini_rare_corridor_liquid,
          minmay_misc_feat_five, uniq_ijyb, uniq_jessica, uniq_terence

Skill      XL: |  1  2  3  4 |
---------------+-------------+-----
Maces & Flails | 3 4 |  4.1
Dodging        | 2 |  2.4
Fighting       | 4 |  4.0
Stealth        | 1 |  1.0
Armour         | |  1.9

Action                   |  1- 3 |  4- 6 || total
-------------------------+-------+-------++-------
Melee: Mace              |   119 |    43 ||   162
       Punch             |     2 |       ||     2
       Headbutt          |    11 |     2 ||    13
Invok: Berserk           |     1 |     2 ||     3
  Use: Scroll            |       |     7 ||     7
 Stab: Sleeping          |     2 |       ||     2
Armor: Animal skin       |    44 |     7 ||    51
       Scale mail        |       |     6 ||     6
Dodge: Dodged            |   108 |    35 ||   143

Table legend: (Time is in decaauts)
 A = Elapsed time spent in this place.
 B = Non-inter-level travel time spent in this place.
 C = Inter-level travel time spent in this place.
 D = Time resting spent in this place.
 E = Time spent auto-exploring this place.
 F = Levels seen in this place.
 G = Mean time per level.
                   A        B        C        D        E       F      G
               +--------+--------+--------+--------+--------+-----+--------+
         Total |   3615 |   3387 |    228 |    816 |   2105 |   3 | 1205.0 |
       Dungeon |   3615 |   3387 |    228 |    816 |   2105 |   3 | 1205.0 |
               +--------+--------+--------+--------+--------+-----+--------+

Top non-repeatable levels by time:
     D:2: 1761 daAuts
     D:1: 1475 daAuts
     D:3: 378 daAuts
